 Dungeon Crawl Stone Soup version 0.22-a0-469-gf26638a (webtiles) character file.

42 4thArraOfDagon the Chopper (level 3, -4/33 HPs)
             Began as a Hill Orc Monk on June 13, 2018.
             Was a Believer of the Shining One.
             Slain by an ogre
             ... wielding a +0 giant club
              (12 damage)
             ... on level 4 of the Dungeon.
             The game lasted 00:03:21 (456 turns).

4thArraOfDagon the Chopper (Hill Orc Monk)           Turns: 456, Time: 00:03:22

Health: -4/33      AC:  5    Str: 13    XL:     3   Next: 56%
Magic:  10/12      EV: 13    Int: 11    God:    the Shining One [**....]
Gold:   77         SH:  6    Dex: 13    Spells: 2/2 levels left

rFire    . . .     SeeInvis .   h - +2 dagger (venom)
rCold    . . .     Gourm    .   (no shield)
rNeg     + . .     Faith    .   b - +0 robe
rPois    .         Spirit   .   (no helmet)
rElec    .         Reflect  .   (no cloak)
rCorr    .         Harm     .   i - +2 pair of gloves
MR       .....                  (no boots)
Stlth    +.........             (no amulet)
HPRegen  0.11/turn              e - ring of wizardry
MPRegen  0.13/turn              g - ring of magical power

@: divine shield, flying, glowing
A: no striking features
a: Divine Shield, Renounce Religion


You were on level 4 of the Dungeon.
You worshipped the Shining One.
The Shining One was pleased with you.
You were not hungry.

You visited 1 branch of the dungeon, and saw 4 of its levels.

You collected 77 gold pieces.

Inventory:

Hand Weapons
 a - a +0 hand axe
 h - a +2 dagger of venom (weapon)
Armour
 b - a +0 robe (worn)
 i - a +2 pair of gloves (worn)
Jewellery
 e - a ring of wizardry (left hand)
 g - a ring of magical power (right hand)
Scrolls
 d - 2 scrolls of teleportation {unknown}
 j - 2 scrolls of identify {unknown}
 k - a scroll of fear {unknown}
Comestibles
 c - a ration


   Skills:
 + Level 4.1 Fighting
 * Level 5.1 Axes
 + Level 2.7 Dodging
 - Level 1.5 Stealth


You had 2 spell levels left.
You didn't know any spells.
Your spell library was empty.

Dungeon Overview and Level Annotations

Branches:
Dungeon (4/15)
 Temple: D:4-7

Altars:
Gozag
Qazlal
Sif Muna
Trog
The Shining One

Annotations:
D:3 zard0z's ghost, amateur SpEn


Message History

An ogre comes into view. It is wielding a giant club.
It was a potion of flight.
You feel very buoyant.
You fly up into the air.
You aren't carrying any items that you can evoke.
A divine shield forms around you!
You feel slightly more hungry.
You hit the ogre.
The ogre is poisoned.
The ogre is lightly wounded.
The ogre hits you with a giant club.
You hit the ogre.
The ogre looks as sick as possible!
The ogre is lightly wounded.
The ogre hits you with a giant club.
* * * LOW HITPOINT WARNING * * *
Unknown command.
A worker ant comes into view.
The worker ant twitches its antennae in your direction.
You hit the ogre.
The ogre looks as sick as possible!
The ogre is severely wounded.
The ogre hits you with a giant club!
You die...

#...# #... ##.#.#
#..# #...a#
#..####+ #....#
#.......
#....###.......
#####.............
............#
#####..###.#####.#
#......O@........
....##.....[...##.#
.........<#.##....#
..........#........
...............###
##..........#..#
...............#
##.....#.#.......
##.#..#.#...# ..


You could see an ogre.

Vanquished Creatures
  An adder (D:2)
  A dart slug (D:3)
  A leopard gecko (D:1)
  2 orcs (D:3)
  5 bats
  2 giant cockroaches (D:2)
  4 goblins
  2 hobgoblins
  2 kobolds (D:1)
  2 quokkas
  A ball python (D:3)
  2 frilled lizards
  A leopard gecko skeleton (D:3)
  A rat (D:1)
27 creatures vanquished.

Notes
Turn   | Place    | Note
-------+----------+-------------------------------------------
     0 | D:1      | 4thArraOfDagon the Hill Orc Monk began the quest for the Orb.
     0 | D:1      | Reached XP level 1. HP: 19/19 MP: 1/1
    30 | D:1      | Sergey: hello
    36 | D:1      | 4thArraOfDagon: hey
    75 | D:1      | Sergey: !lg .
    79 | D:1      | XtahuaRules: 475. Sergey the Gnoll Aeon (L24 GnNe of Cheibriados), escaped with the Orb and 3 runes on 2018-06-12 23:38:47, with 5775017 points after 11167 turns and 3:23:28.
    97 | D:1      | 4thArraOfDagon: ohh
    97 | D:1      | 4thArraOfDagon: how nice!
    97 | D:1      | Sergey: 5th place fastest
    97 | D:1      | 4thArraOfDagon: your first speedrun? :p
   135 | D:2      | Sergey: i have 6 combo hs
   144 | D:2      | Found a deep blue altar of Sif Muna.
   148 | D:2      | Reached XP level 2. HP: 26/27 MP: 2/2
   190 | D:2      | Found a glowing golden altar of the Shining One.
   193 | D:2      | Found a stormy altar of Qazlal.
   193 | D:2      | Found a bloodstained altar of Trog.
   193 | D:2      | Found an opulent altar of Gozag.
   195 | D:2      | Sergey: that was first attempt of broken GnNe for 3 rune
   198 | D:2      | Became a worshipper of the Shining One
   198 | D:2      | Reached * piety under the Shining One
   198 | D:2      | Reached ** piety under the Shining One
   298 | D:2      | Reached XP level 3. HP: 19/33 MP: 3/3
   299 | D:2      | 4thArraOfDagon: how do you feel about gnne ( 0.21 ofcourse)
   336 | D:2      | Sergey: totaly broken
   367 | D:3      | Reached skill level 5 in Axes
   421 | D:3      | Sergey: vile clutcchisjust like free tornado
   434 | D:3      | Noticed zard0z's ghost (amateur SpEn)
   441 | D:4      | Noticed an ogre
   456 | D:4      | Slain by an ogre

Vault maps used:
D:1:      lordsloth_arrival_two_stooges, minmay_ruptured
D:2:      grunt_temple_overflow_open, minmay_hexomino_f4
D:3:      nicolae_overflow_crystal_walls, chequers_ecumenical_altar_island,
          minmay_stone_trees_small
D:4:      gammafunk_steamed_eel, nemelex_xobeh_ov_fountains_minmay,
          first_ration, serial_corexii_hall, corexii_hall_statues_u,
          corexii_hall_statues_x, guppyfry_shop_venom, uniq_eustachio

Skill      XL: |  1  2  3 |
---------------+----------+-----
Fighting       | 4 |  4.1
Axes           | 5 |  5.1
Dodging        | |  2.7
Stealth        | |  1.5

Action                   || total
-------------------------++-------
Melee: Hand axe          ||    38
       Dagger            ||    33
Invok: Divine Shield     ||     1
  Use: Potion            ||     4
Armor: Robe              ||    14
       Skin              ||     2
Dodge: Dodged            ||    44

Table legend:
 A = Spawn XP
 B = Non-spawn XP
 C = Spawn XP percentage of total XP
 D = Spawn monster count
 E = Non-spawn monster count
 F = Spawn count percentage of total count
 G = Total turns spent on level
                    A         B        C        D         E        F      G
               +---------+---------+-------+---------+---------+-------+---------
         Total |       0 |      61 |   0.0 |       0 |      27 |   0.0 |   456
               +---------+---------+-------+---------+---------+-------+---------
           D:1 |       0 |      15 |   0.0 |       0 |       8 |   0.0 |   163
           D:2 |       0 |      28 |   0.0 |       0 |      10 |   0.0 |   176
           D:3 |       0 |      18 |   0.0 |       0 |       9 |   0.0 |   100
               +---------+---------+-------+---------+---------+-------+---------
